 Dungeon Crawl Stone Soup version 0.29.1-2-gbd0b4ee654 (webtiles) character file.

Game seed: 13541977531772683538

214 styxcanada the Covert (level 5, -1/26 HPs)
             Began as a Spriggan Brigand on Nov 17, 2022.
             Slain by a black bear (2 damage)
             ... on level 4 of the Dungeon.
             The game lasted 00:11:02 (3322 turns).

styxcanada the Covert (Spriggan Brigand)            Turns: 3322, Time: 00:11:03

Health: -1/26      AC:  3    Str:  7    XL:     5   Next: 59%
Magic:  15/15      EV: 18    Int: 12    God:
Gold:   104        SH:  0    Dex: 19    Spells: 4/4 levels left

rFire   + . .      SeeInvis +   q - +1 dagger (venom)
rCold   . . .      Faith    .   (no shield)
rNeg    . . .      Spirit   .   b - +0 robe
rPois   .          Reflect  .   (helmet restricted)
rElec   .          Harm     .   c - +0 cloak
rCorr   .          Rampage  .   (gloves unavailable)
Will    .....                   (boots unavailable)
Stlth   ++++......              (no amulet)
HPRegen 0.08/turn               i - ring of protection from fire
MPRegen 0.14/turn               o - ring of magical power

@: very quick
A: very small, no large weapons, unfitting armour, see invisible, speed 3
a: no special abilities


You were on level 4 of the Dungeon.
You visited 1 branch of the dungeon, and saw 4 of its levels.

You collected 116 gold pieces.
You spent 12 gold pieces at shops.

Inventory:

Hand Weapons
 a - a +3 dagger
 j - a +0 sling
 n - a +3 quarterstaff of chaos
 q - a +1 dagger of venom (weapon)
Missiles
 d - a poisoned dart (quivered)
 e - 3 curare-tipped darts
 f - 23 stones
Armour
 b - a +0 robe (worn)
 c - a +0 cloak (worn)
Jewellery
 i - a ring of protection from fire (left hand)
 o - a ring of magical power (right hand)
Wands
 m - a wand of flame (11)
 t - a wand of charming (8)
Scrolls
 l - 2 scrolls of teleportation
 s - a scroll of immolation
Potions
 g - a potion of mutation
 h - a potion of might
 k - a potion of heal wounds
 p - a potion of magic {unknown}
 r - a potion of attraction {unknown}
 u - a potion of cancellation {unknown}


   Skills:
 * Level 2.2 Fighting
 + Level 3.4 Short Blades
 + Level 2.7 Throwing
 * Level 2.8 Dodging
 * Level 8.0 Stealth
 * Level 1.0 Evocations


You had 4 spell levels left.
You didn't know any spells.
Your spell library contained the following spells:

 Spells                   Type           Power      Damage    Failure   Level
 Conjure Ball Lightning   Conj/Air       0%         3x3d6     100%        6
 Discord                  Hex            0%         N/A       100%        8
 Disjunction              Tloc           0%         N/A       100%        8


Dungeon Overview and Level Annotations

Branches:
Dungeon (4/15)
 Temple: D:4-7

Altars:

Shops:
D:2 *!*


Innate Abilities, Weirdness & Mutations

You are very small and have problems with some larger weapons.
You are too small for most types of armour.
You have supernaturally acute eyesight. (SInv)
You cover ground extremely quickly. (Speed+++)


Message History

You open the door. The hound closely misses you.
Found a stone staircase leading up and a stone staircase leading down.
Found a stone staircase leading up.
There is an open door here.
A black bear comes into view.
Found 9 gold pieces.
An orc and an orc wizard come into view.
An orc and an orc wizard come into view.
You kill the hound!
Your Stealth skill increases to level 8!
Your Evocations skill increases to level 1!
A gnoll comes into view. It is wielding a +0 flail.
The gnoll shouts!
You hear a shout!
A gnoll bouda comes into view. It is wielding a +0 club.
A gnoll comes into view. It is wielding a +0 club.
The orc wizard casts a spell at you.
You easily resist.
The gnoll bouda moves out of view.
A gnoll comes into view. It is wielding a +0 club.
The gnoll bouda barks out a call to the hunt!
The gnolls pick up the pace!
A gnoll comes into view. It is wielding a +0 spear.
The orc wizard points at you and mumbles some strange words.
The puff of flame misses you.
The gnoll shouts!
The gnoll bouda gazes fiercely through you!
You feel your attacks grow feeble.
Your attacks no longer feel as feeble.
There is a stone staircase leading up here.
Found 6 stones and a falchion.
You hit the black bear.
The black bear is poisoned.
The black bear is lightly wounded.
You barely miss the black bear.
The black bear is lightly wounded.
The black bear misses you. The black bear claws you.
* * * LOW HITPOINT WARNING * * *
The black bear claws you.
* * * LOW HITPOINT WARNING * * *
The gnoll completely misses you. The black bear bites you.
You die...

#....# #.#
###....########.##
.................#
.................#
................$#
......o#######..## ##
.......##...##..###..###
........+......g........
###.o..##>......@.......
###....##<.....h........
..o....†................


oo...................... ........................ ###...###...##...##...##
#...#####'##...# ...# ......#.....#...( .).. .......#.....# You could see a
black bear (very poisoned) and a gnoll (swift).

Vanquished Creatures
  A hound (D:4)
  Crazy Yiuf (D:2)
  Robin (D:3)
  4 gnolls (D:4)
  2 adders (D:2)
  A worm (D:3)
  A dart slug (D:2)
  An endoplasm (D:1)
  2 giant cockroaches (D:2)
  12 goblins
  13 hobgoblins
  8 jackals (D:1)
  6 kobolds
  8 ball pythons
  8 bats
  4 frilled lizards
  4 rats
77 creatures vanquished.

Notes
Turn   | Place    | Note
-------+----------+-------------------------------------------
     0 | D:1      | styxcanada the Spriggan Brigand began the quest for the
                  | Orb.
     0 | D:1      | Reached XP level 1. HP: 10/10 MP: 2/2
    48 | D:1      | Reached skill level 6 in Stealth
   309 | D:1      | Reached XP level 2. HP: 15/15 MP: 3/3
   436 | D:1      | Found a faded altar of an unknown god.
   978 | D:1      | Reached skill level 7 in Stealth
   983 | D:1      | Reached XP level 3. HP: 8/18 MP: 4/4
  1330 | D:2      | Found Nenaumarat's Distillery.
  1415 | D:2      | Found Keuskil's Assorted Antiques.
  1438 | D:2      | Bought a potion of degeneration for 12 gold pieces
  1463 | D:2      | Found Cigaerch's Assorted Antiques.
  1718 | D:2      | Found a runed translucent door.
  1719 | D:2      | Noticed Crazy Yiuf
  1745 | D:2      | Killed Crazy Yiuf
  1746 | D:2      | Reached XP level 4. HP: 14/23 MP: 5/5
  2480 | D:3      | Noticed Robin
  2521 | D:3      | Killed Robin
  2714 | D:3      | Reached XP level 5. HP: 26/26 MP: 6/6
  3294 | D:4      | Noticed a black bear
  3301 | D:4      | Reached skill level 8 in Stealth
  3301 | D:4      | Reached skill level 1 in Evocations
  3321 | D:4      | HP: 1/26 [black bear (4)]
  3322 | D:4      | Slain by a black bear

Illustrated notes

Levels and vault maps discovered:
D:1:      elethiomel_arrival_quiet, layout_basic,
          chequers_ecumenical_altar_lobes
D:2:      layout_basic, serial_shops, nicolae_shop_stone,
          nicolae_shop_hallway_plus, shop, uniq_crazy_yiuf_cottage
D:3:      layout_basic, st_stairs_12, uniq_robin
D:4:      layout_gridville, nicolae_yredelemnul_ghost_church, uniq_grinder

Skill      XL: |  1  2  3  4  5 |
---------------+----------------+-----
Stealth        | 6 7 8 |  8.0
Dodging        | 2 |  2.8
Fighting       | 2 |  2.2
Short Blades   | 3 |  3.4
Evocations     | 1 |  1.0
Throwing       | |  2.7

Action                   |  1- 3 |  4- 6 || total
-------------------------+-------+-------++-------
Melee: Dagger            |   132 |    73 ||   205
Throw: Dart              |    20 |    13 ||    33
       Stone             |       |     2 ||     2
  Use: Potion            |     1 |       ||     1
       Scroll            |       |     7 ||     7
 Stab: Sleeping          |     9 |     8 ||    17
       Distracted        |     1 |       ||     1
Armor: Robe              |    22 |     9 ||    31
Dodge: Dodged            |   109 |    51 ||   160
